 Dungeon Crawl Stone Soup version 0.31-a0-185-g9dded2c639 (webtiles) character file.

Game seed: 1927207906749347475

72 qw the Shooter (level 4, 0/25 HPs)
             Began as a Deep Elf Hunter on June 22, 2023.
             Slain by an orc wizard
             ... wielding a +1 dagger of flaming
              (4 damage)
             ... on level 3 of the Dungeon.
             The game lasted 00:00:52 (1430 turns).

qw the Shooter (Deep Elf Hunter)                    Turns: 1430, Time: 00:00:53

Health: 0/25       AC:  7    Str: 10    XL:     4   Next: 6%
Magic:  6/6        EV: 12    Int: 14    God:
Gold:   186        SH:  0    Dex: 18    Spells: 3/3 levels left

rFire   . . .        Y - +3 shortbow
rCold   . . .        (shield currently unavailable)
rNeg    . . .        c - +0 leather armour
rPois   .            f - +0 helmet
rElec   .            (no cloak)
rCorr   .            i - +2 pair of gloves
SInv    .            (no boots)
Will    .....        (no amulet)
Stlth   ++           (no ring)
HPRegen 0.24/turn    (no ring)
MPRegen 0.10/turn

%: no passive effects
@: no status effects
A: no striking features
a: no special abilities


You were on level 3 of the Dungeon.
You visited 1 branch of the dungeon, and saw 3 of its levels.

You collected 186 gold pieces.


   Skills:
 - Level 1.5 Fighting
 + Level 7.5 Ranged Weapons
 - Level 2.4 Dodging
 - Level 1.2 Stealth


You had 3 spell levels left.
You didn't know any spells.
Your spell library was empty.

Inventory:

Hand Weapons
 Y - a +3 shortbow (weapon)
Armour
 c - a +0 leather armour (worn)
 f - a +0 helmet (worn)
 i - a +2 pair of gloves (worn)
Scrolls
 a - a scroll of identify
Potions
 d - a potion of attraction {unknown}
 e - a potion of resistance {unknown}

Dungeon Overview and Level Annotations

Branches:
Dungeon (3/15)

Altars:


Message History

Deactivating autopickup; reactivate with Ctrl-A.
You hear a shout!
You shoot an arrow. The arrow hits the orc.
The orc is heavily wounded.
You shoot an arrow. The arrow barely misses the orc.
The orc hits you with a +0 hand axe.
You shoot an arrow. The arrow hits the orc.
You kill the orc!
Something hits you but does no damage.
You shoot an arrow. Something hits you but does no damage.
You shoot an arrow. Something hits you. Something burns you.
You shoot an arrow. Something hits you. Something burns you.
You shoot an arrow. Something hits you but does no damage.
You shoot an arrow. Something hits you but does no damage.
You shoot an arrow. Something hits you. Something burns you.
You shoot an arrow. Something hits you but does no damage.
You shoot an arrow. Something hits you but does no damage.
You shoot an arrow. Something hits you. Something burns you.
You shoot an arrow. Something hits you but does no damage.
You shoot an arrow. Something hits you. Something burns you.
You shoot an arrow. Something hits you. Something burns you.
You shoot an arrow. Something hits you but does no damage.
An orc comes into view. It is wielding a +0 hand axe.
1429 ||| FLEEEEING.
1430 ||| FLEEEEING.
Something hits you.
You die...

###........# #.....
#.....####.# ###### #
#.#.#.####.##
##.####>...#.##...#######
#.........###............
#..........#.##...######.
#.#####.###.####..# #.
####.###.# ##.# #(
#....@...# #.# #.
#....?...# #.# #.
........)....# #.# #.
............># #.# #.
##.##........# #.# #. #
#........# #. #........#
#. #####.#.o.. ## ....##


You could see an orc (wandering).

Vanquished Creatures
  An orc (D:3)
  6 endoplasms
  5 giant cockroaches
  9 goblins
  7 hobgoblins
  6 jackals
  2 quokkas (D:2)
  4 ball pythons
  9 bats
  6 frilled lizards
  3 kobolds
  4 rats
62 creatures vanquished.

Notes
Turn   | Place    | Note
-------+----------+-------------------------------------------
     0 | D:1      | qw the Deep Elf Hunter began the quest for the Orb.
     0 | D:1      | Reached XP level 1. HP: 12/12 MP: 3/3
     0 | D:1      | 0 ||| qw: Version: 0.3-a-9-g12657ce
     0 | D:1      | 0 ||| qw: Game counter: 1905
     0 | D:1      | 0 ||| qw: Always use a shield: true
     0 | D:1      | 0 ||| qw: God list: Okawaru
     0 | D:1      | 0 ||| qw: Allow faded altars: false
     0 | D:1      | 0 ||| qw: Do Orc after D:15 true
     0 | D:1      | 0 ||| qw: Do second Lair branch before Depths: true
     0 | D:1      | 0 ||| qw: Lair rune preference: random
     0 | D:1      | 0 ||| qw: Plans: Normal
     0 | D:1      | 0 ||| PLANNING D:1-11
    94 | D:1      | 94 ||| FLEEEEING.
    95 | D:1      | 95 ||| FLEEEEING.
   120 | D:1      | Reached XP level 2. HP: 16/16 MP: 4/4
   121 | D:1      | Reached skill level 6 in Ranged Weapons
   278 | D:1      | Reached XP level 3. HP: 20/20 MP: 5/5
   328 | D:1      | Found a faded altar of an unknown god.
   520 | D:1      | 520 ||| READING 3 scrolls labelled NEFYEN ODARISO.
   521 | D:1      | 521 ||| READING 2 scrolls of enchant weapon.
   521 | D:1      | 521 ||| ENCHANTING +1 shortbow.
   522 | D:1      | 522 ||| READING scroll of enchant weapon.
   522 | D:1      | 522 ||| ENCHANTING +2 shortbow.
   523 | D:1      | 523 ||| DROPPING scroll of butterflies.
   812 | D:2      | Reached skill level 7 in Ranged Weapons
  1170 | D:2      | 1170 ||| UPGRADING to +0 helmet.
  1175 | D:2      | 1175 ||| UPGRADING to +2 pair of gloves.
  1180 | D:2      | 1180 ||| READING scroll labelled COAPAV RUZOIX.
  1181 | D:2      | 1181 ||| READING scroll labelled ZOHUSU RUOXZEE.
  1182 | D:2      | 1182 ||| READING scroll labelled APEWKY PIBU.
  1183 | D:2      | 1183 ||| READING scroll labelled HUNWOPHAWUE.
  1185 | D:2      | 1185 ||| Stepping ~*~*~tactically~*~*~ (cloud).
  1192 | D:2      | HP: 5/20 [poisoned by you (poison gas)]
  1349 | D:3      | Reached XP level 4. HP: 25/25 MP: 6/6
  1427 | D:3      | HP: 5/25 [something (4)]
  1429 | D:3      | 1429 ||| FLEEEEING.
  1430 | D:3      | 1430 ||| FLEEEEING.
  1430 | D:3      | Slain by an orc wizard

Levels and vault maps discovered:
D:1:      lemuel_arrival_broad_hall, layout_rooms,
          shapermc_ecumenical_altar_mp_highgroup, kennysheep_decorative_pillar
D:2:      layout_loops_ring, hangedman_decor_peaks_small, dk_noncrumbling_3,
          chequers_serial_rivers_marsh
D:3:      layout_loops_ring

Skill      XL: |  1  2  3 |
---------------+----------+-----
Ranged Weapons | 6 7 |  7.5
Fighting       | |  1.5
Dodging        | |  2.4
Stealth        | |  1.2

Action                     |  1- 3 |  4- 6 || total
---------------------------+-------+-------++-------
   Fire: Shortbow          |   161 |    23 ||   184
    Use: Scroll            |     7 |       ||     7
 Armour: Leather armour    |    13 |     8 ||    21
  Dodge: Dodged            |    20 |       ||    20

Table legend:
 A = Non-vault XP
 B = Vault XP
 C = Vault XP percentage of total XP
 D = Non-vault monster count
 E = Vault monster count
 F = Vault count percentage of total count
                 A         B        C        D         E       F
            +---------+---------+-------+---------+---------+-------
      Total |     103 |       0 |   0.0 |      62 |       0 |   0.0
            +---------+---------+-------+---------+---------+-------
        D:1 |      49 |       0 |   0.0 |      30 |       0 |   0.0
        D:2 |      43 |       0 |   0.0 |      27 |       0 |   0.0
        D:3 |      11 |       0 |   0.0 |       5 |       0 |   0.0
            +---------+---------+-------+---------+---------+-------
